Unix NetHack Version 3.7.0-94 Work-in-progress - last build Dec 18 2023 00:11:04 (7e3deff068b9ef4f2ebb9a71ea0f5c4a3b578a14,branch:master). Game began 2023-12-21 02:17:31, ended 2023-12-23 00:59:51. Arasaka, chaotic female orcish Rogue # -------[.---- |.......)...| |......[0...| -------# |...........| |.....-###### --------- #-.....).....| # |.....|0 # |.....<.| ###|..@........| # |.....| ####........| # ----.-------- # # |.....| |.......| # #################### |.....| |.......| # ###### *# # #-....*| |.......| ## ## # # ## ###|...*.| --------- ------# ### ### 0 # ## # ------- |....|[ # ##### # #----- ### |....%# *# # # #|...| # |...%| ------+---.--# #....| # |..>.| |...........-# |....## ------ |...........| +...| |............# ----- ------------- Arasaka the Pilferer St:18/19 Dx:22 Co:16 In:14 Wi:14 Ch:10 Chaotic Dlvl:27 $:0 HP:84(84) Pw:38(38) AC:-13 Xp:11/16673 T:27972 Latest messages: What do you want to use or apply? [bepszLU or ?*] You put a scroll of create monster into the bag of holding. You put 2 scrolls of create monster into the bag of holding. You put 2 scrolls of create monster into the bag of holding. The black blade draws the life from the rock piercer! The black blade draws the life from the rock piercer! You kill the rock piercer! You try to move the boulder, but in vain. Really save? [yn] (n) Saving... Restoring save file... Hello Arasaka, the female orcish Rogue, welcome back to NetHack! What do you want to use or apply? [bepszLU or ?*] There are several objects here. What do you want to use or apply? [bepszLU or ?*] Improvise? [ynq] (q) You start playing your bugle. You extract a loud noise from your bugle. Really save? [yn] (n) Saving... Restoring save file... Hello Arasaka, the female orcish Rogue, welcome back to NetHack! # Really quit? [yn] (n) Inventory: Amulets ('"') c - an uncursed amulet of ESP (being worn) Weapons (')') P - 10 blessed +3 elven daggers (at the ready) a - the blessed rustproof +3 Stormbringer (weapon in left hand) Armor ('[') m - a blessed +1 elven leather helm (being worn) w - a blessed +5 pair of gauntlets of dexterity (being worn) T - an uncursed rusty +2 pair of iron shoes (being worn) o - an uncursed +0 elven mithril-coat (being worn) Comestibles ('%') U - 7 uncursed lumps of royal jelly S - 2 uncursed lizard corpses named tricebane Rings ('=') M - an uncursed ring of polymorph control (on left hand) C - an uncursed ring of regeneration Tools ('(') z - a blessed bag of holding containing 95 items b - an uncursed bugle p - an uncursed blindfold e - an uncursed lock pick L - an uncursed oil lamp s - a blessed +0 unicorn horn Gems/Stones ('*') t - a blessed luckstone Contents of the bag of holding: 5304 gold pieces 2 uncursed +0 elven daggers the uncursed rustproof +0 Trollsbane an uncursed +0 helm of brilliance an uncursed +0 elven shield an uncursed taco an uncursed eucalyptus leaf 11 uncursed food rations an uncursed fortune cookie 6 uncursed tripe rations an uncursed tin of spinach a blessed scroll of charging 2 blessed scrolls of create monster 2 uncursed scrolls of create monster a cursed scroll of create monster an uncursed scroll of enchant armor an uncursed scroll of enchant weapon an uncursed scroll of fire a blessed scroll of gold detection 2 blessed scrolls of identify 2 uncursed scrolls of identify 2 uncursed scrolls of light an uncursed scroll of magic mapping a blessed scroll of remove curse an uncursed scroll of remove curse a blessed scroll of stinking cloud an uncursed scroll of teleportation a cursed scroll of teleportation an uncursed spellbook of cone of cold an uncursed spellbook of slow monster a blessed potion of extra healing an uncursed potion of extra healing 2 uncursed potions of fruit juice an uncursed potion of healing a blessed potion of oil an uncursed potion of oil 2 blessed potions of see invisible a blessed potion of sleeping a blessed potion of speed an uncursed potion of speed a cursed potion of speed a potion of holy water a cursed ring of aggravate monster an uncursed ring of warning an uncursed wand of cancellation (0:0) an uncursed wand of cold named empty (0:0) an uncursed wand of create monster named empty (0:0) an uncursed wand of create monster named empty (0:0) a cursed wand of create monster named empty (0:0) an uncursed wand of digging (0:6) an uncursed wand of digging (0:6) an uncursed wand of digging (0:5) an uncursed wand of digging (0:3) an uncursed wand of enlightenment (0:10) an uncursed wand of enlightenment (0:7) an uncursed wand of fire (0:4) an uncursed wand of light (0:13) an uncursed wand of light (0:13) an uncursed wand of lightning (0:6) an uncursed wand of locking (0:6) an uncursed wand of locking (0:4) an uncursed wand of locking (0:4) an uncursed wand of magic missile (0:7) an uncursed wand of magic missile (0:4) an uncursed wand of magic missile (0:4) an uncursed wand of make invisible (0:5) a cursed wand of make invisible (0:5) an uncursed wand of opening (0:1) a cursed wand of polymorph (0:1) an uncursed wand of secret door detection (0:15) an uncursed wand of secret door detection (0:12) an uncursed wand of secret door detection (0:12) an uncursed wand of slow monster (0:6) an uncursed wand of striking (0:6) an uncursed wand of striking (0:4) an uncursed wand of striking (0:4) an uncursed wand of striking (0:2) an uncursed wand of teleportation (0:8) an uncursed wand of teleportation (0:6) an uncursed wand of teleportation (0:4) a cursed wand of undead turning (0:7) a cursed wand of undead turning (0:3) an uncursed bugle an uncursed magic whistle an uncursed magic whistle an uncursed +0 pick-axe an uncursed +0 unicorn horn an uncursed +0 unicorn horn an uncursed diamond an uncursed turquoise stone an uncursed worthless piece of black glass an uncursed worthless piece of blue glass 4 uncursed worthless pieces of green glass 2 uncursed worthless pieces of red glass an uncursed worthless piece of violet glass Arasaka the Rogue's attributes: Background: You were a Pilferer, a level 11 female orcish Rogue. You were chaotic, on a mission for Kos who was opposed by Issek (lawful) and Mog (neutral). You started out male. You were left-handed. You were in the Dungeons of Doom, on level 27. You entered the dungeon 27972 turns ago. It was the midnight hour. You had 16673 experience points, 3327 more were needed to attain level 12. Basics: You had all 84 hit points. You had all 38 energy points (spell power). Your armor class was -13. Your wallet was empty, but you had 5304 zorkmids stashed away in your pack. Autopickup was on for '$"?' plus thrown, with exceptions. Final Characteristics: Your strength was 18/19 (limit:18/50). Your dexterity was 22 (base:17, innate limit:18). Your constitution was 16 (limit:18). Your intelligence was 14 (limit:16). Your wisdom was 14 (limit:16). Your charisma was 10 (limit:16). Final Status: You weren't hungry. You were unencumbered. You were wielding a broadsword. You were skilled in broadsword. Final Attributes: You had transgressed. You were cold resistant. You were sleep resistant. You were poison resistant. You were level-drain resistant. You were telepathic. You had automatic searching. You had infravision. You were stealthy. You had a moderate defense bonus (+7). You were guarded. You had polymorph control. You were fast. You were unlucky. You had extra luck. Good luck did not time out for you. You survived. Miscellaneous: You disabled loading of bones levels. Total elapsed playing time was 4 hours, 1 minute and 30 seconds. Major events: Turn 1: Arasaka the chaotic male orcish Rogue entered the dungeon 915: entered the Gnomish Mines 934: attained the rank of Cutpurse (level 3) 2318: attained the rank of Rogue (level 6) 2544: reached Mine Town 4308: was bestowed with Stormbringer by Kos 5603: entered Sokoban 7606: completed 1st Sokoban level 8896: completed 2nd Sokoban level 9289: completed 3rd Sokoban level 10588: completed 4th Sokoban level 10968: acquired the Sokoban bag of holding 14462: acquired the Mines' End luckstone 15935: attained the rank of Pilferer (level 10) 16939: entered the Bigroom 19995: performed his first genocide (class L) 21415: attained the rank of Robber (level 14) 25857: genocided class h 26457: was bestowed with Trollsbane by Kos 27972: quit Vanquished creatures: a storm giant a titan a gold dragon an orange dragon a green dragon a yellow dragon 3 baluchitheria an Angel a stone golem 3 Olog-hai a titanothere a trapper a baby green dragon 3 guardian nagas 2 genetic engineers 2 vampire leaders 3 nurses a lurker above 2 ettins a golden naga a vampire a lieutenant 9 ghosts 3 queen bees a mind flayer 3 giant mimics 2 long worms 3 zruties a fire giant 4 ice trolls 6 rock trolls 2 umber hulks 3 elven monarchs a large mimic a wumpus 5 stalkers an air elemental 2 fire elementals a hill giant a giant mummy 4 xorns 4 giant zombies 3 elf-nobles a sergeant 3 barbed devils 7 wargs a winter wolf 6 small mimics a glass piercer a warhorse 8 xans 2 quantum mechanics a troll 4 wood golems 2 gelatinous cubes 3 large dogs a freezing sphere 2 flaming spheres a shocking sphere a large cat a tiger 4 gargoyles a dwarf ruler 7 tengu 2 ochre jellies a leocrotta an energy vortex 2 mountain centaurs 3 stone giants 2 elf mummies a human mummy 2 red nagas a python a pit viper 15 wraiths 3 carnivorous apes 5 ettin zombies 2 leather golems 8 Grey-elves a watchman an amorous demon 2 horned devils 4 chameleons 4 crocodiles 3 giant beetles 4 quivering blobs 6 cockatrices 4 wolves 10 winter wolf cubs 2 lynxes 27 gremlins a spotted jelly 7 leprechauns 2 orc-captains 2 iron piercers 4 mumakil 4 giant spiders a scorpion an ice vortex 8 black lights 6 vampire bats 3 forest centaurs 7 gnome rulers a dwarf mummy 2 ogres 3 brown puddings 4 rust monsters 4 owlbears 7 yetis 3 gold golems 5 werewolves 6 Green-elves 10 lizards 2 chickatrices 5 dingoes 2 dogs a housecat 6 jaguars 6 dwarf leaders 7 blue jellies 2 white unicorns a gray unicorn 7 dust vortices 8 ravens 4 plains centaurs 3 gnome mummies 5 snakes 5 apes 4 human zombies 2 rope golems 10 Woodland-elves 7 soldier ants 2 fire ants 20 bugbears an imp 2 quasits a wood nymph 2 water nymphs 4 mountain nymphs 5 Mordor orcs 6 Uruk-hai 4 orc shamans 7 rock piercers 5 rock moles 5 fog clouds 7 yellow lights a shrieker 7 violet fungi 21 gnome leaders 7 gnomish wizards a kobold mummy a guardian naga hatchling 7 gray oozes 5 barrow wights 15 elf zombies 4 ghouls 2 straw golems 9 giant ants a little dog 4 floating eyes a kitten 22 dwarves a homunculus 4 kobold shamans 4 hill orcs 28 rothes a rabid rat 2 centipedes 3 giant bats 3 monkeys 6 orc zombies 4 dwarf zombies 2 wererats 2 werejackals 7 iguanas 50 killer bees 2 acid blobs 4 coyotes a gas spore 8 hobbits 12 manes a large kobold 26 hobgoblins 10 giant rats 9 cave spiders 5 yellow molds 4 green molds 2 red molds 60 gnomes 8 garter snakes 4 gnome zombies 8 geckos 14 jackals 2 foxes 5 goblins 13 sewer rats 12 grid bugs 3 bats 10 lichens 13 kobold zombies 8 newts 986 creatures vanquished. Genocided species: arch-liches master liches demiliches master mind flayers liches mind flayers dwarf rulers dwarf leaders bugbears dwarves hobbits 11 species genocided. Voluntary challenges: You read items or engraved 55 times. You engraved Elbereth 10 times. You genocided 11 types of monsters. You never polymorphed an object. You never changed form. You used no wishes. You violated the special Sokoban rules once. Achievements: You entered the Gnomish Mines. You attained the rank of Cutpurse. You attained the rank of Rogue. You entered Minetown. You entered a shop. You entered a temple. You entered Sokoban. You completed Sokoban. You completed the Gnomish Mines. You attained the rank of Pilferer. You entered the Big Room. You attained the rank of Robber. The Dungeons of Doom: levels 1 to 28 Level 1: Level 2: Level 3: "s" Stairs down to The Gnomish Mines. Level 4: Some fountains, a sink. Level 5: Oracle of Delphi. Level 6: "s" An altar to Kos, a sink. Stairs up to Sokoban, level 5. Level 7: Level 8: Level 9: An armor shop. Level 10: A fountain. Level 11: Many fountains. A very big room. Summoned by the Master of Thieves. Level 12: Level 13: Some graves. Level 14: Level 15: Level 16: "v" A fountain. Level 17: A primitive area. Level 18: Portal to Fort Ludios. Level 19: A fountain, many graves. Level 20: A throne, a fountain. Level 21: "v" A health food store. Level 22: Level 23: Some fountains, some graves. Level 24: A fountain. Level 25: An altar, a fountain, a grave. Level 26: Level 27: <- You were here. An altar to Kos. Level 28: The Gnomish Mines: levels 4 to 11 Level 4: Level 5: Level 6: Level 7: Many shops, a temple and an altar to Kos, many fountains. Level 8: Level 9: Level 10: Level 11: Sokoban: levels 5 up to 2 Level 2: Solved. Level 3: Solved. Level 4: Solved. Level 5: Solved. Fort Ludios: Level 1: Goodbye Arasaka the Rogue... You quit in The Dungeons of Doom on dungeon level 27 with 150436 points, and 5304 pieces of gold, after 27972 moves. You were level 11 with a maximum of 84 hit points when you quit.